 Dungeon Crawl Stone Soup version 0.22.0-5-gf09313c (webtiles) character file.

52 ventricule the Chopper (level 3, 0/36 HPs)
             Began as an Ogre Warper on Aug 13, 2018.
             Succumbed to an adder's poison
             ... on level 2 of the Dungeon.
             The game lasted 00:03:05 (1135 turns).

ventricule the Chopper (Ogre Warper)                Turns: 1135, Time: 00:03:06

Health: 0/36       AC:  3    Str: 15    XL:     3   Next: 85%
Magic:  6/6        EV: 10    Int: 15    God:
Gold:   118        SH:  0    Dex:  8    Spells: 4/6 levels left

rFire    + . .     SeeInvis .   a - +0 hand axe
rCold    + + .     Gourm    .   (no shield)
rNeg     . . .     Faith    .   b - +0 robe
rPois    +         Spirit   .   (helmet restricted)
rElec    +         Reflect  .   (no cloak)
rCorr    +         Harm     .   (gloves unavailable)
MR       .....                  (boots unavailable)
Stlth    +.........             (no amulet)
HPRegen  0.12/turn              I - ring of protection from cold
MPRegen  0.10/turn              (no ring)

@: lethally poisoned (0 -> -4), resistant, very slightly contaminated, invisible
A: large, unfitting armour, talons 1, electricity resistance, tough skin 1, wild
magic 1
a: no special abilities


You were on level 2 of the Dungeon.
You were not hungry.

You visited 1 branch of the dungeon, and saw 2 of its levels.

You collected 118 gold pieces.

Inventory:

Hand Weapons
 a - a +0 hand axe (weapon)
Missiles
 f - 5 tomahawks of dispersal {=f}
 Q - 74 stones (quivered)
Armour
 b - a +0 robe (worn)
Jewellery
 I - a ring of protection from cold (left hand)
Scrolls
 h - a scroll of random uselessness
 i - 3 scrolls of identify
 B - a scroll of blinking {!r}
Comestibles
 e - 5 rations


   Skills:
 - Level 2.6 Fighting
 + Level 4.0 Axes
 - Level 1.0 Throwing
 - Level 2.1 Dodging
 - Level 2.4 Spellcasting
 - Level 2.6 Translocations


You had 4 spell levels left.
You knew the following spells:

 Your Spells              Type           Power        Failure   Level  Hunger
b - Blink                 Tloc           N/A          16%         2    ###....

Your spell library contained the following spells:

 Spells                   Type           Power        Failure   Level  Hunger
 Teleport Other           Tloc           ##......     30%         3    ###....
 Passage of Golubria      Tloc           N/A          65%         4    #####..
 Shroud of Golubria       Chrm/Tloc      #.........   26%         2    ###....
 Gell's Gravitas          Tloc           ##........   30%         3    ###....
 Lesser Beckoning         Tloc           ##........   30%         3    ###....


Dungeon Overview and Level Annotations

Branches:
Dungeon (2/15)

Altars:


Innate Abilities, Weirdness & Mutations

You are too large for most types of armour.
You have tough skin. (AC +1)
You have sharp toenails.
You are resistant to electric shocks. (rElec)
Your spells are a little harder to cast, but a little more powerful.


Message History

You take 1 damage, and have 4/36 hp.
* * * LOW HITPOINT WARNING * * *
You feel sick.
You take 1 damage, and have 3/36 hp.
As you read the scroll labeled DOZEXA JEUMAIF, it crumbles to dust.
The dust glows dull lime green!
It was a scroll of random uselessness.
* * * LOW HITPOINT WARNING * * *
You feel sick.
You take 1 damage, and have 2/36 hp.
As you read the scroll labeled EVESA BAYZIEMO, it crumbles to dust.
It is a scroll of identify.
You don't have any unidentified items.
i - 3 scrolls of identify
* * * LOW HITPOINT WARNING * * *
You feel sick.
You take 1 damage, and have 2/36 hp.
* * * LOW HITPOINT WARNING * * *
You feel sick.
You take 1 damage, and have 1/36 hp.
You die...

..........##.# #. #.#
#.##.........# #. #.# #.
#........... #.##.## #.
#..########. #..#..#
#.##..#####... #...#.#
#...........#
#.....#########[.#######
#................#
#........@.......#
#...#...####.#########
#..##.#.# #..........
#.###...# ###########
... #...# #### .....
##...## ##..#


There were no monsters in sight!

Vault maps used:
D:1:      saegor_arrival_miasma
D:2:      wad_woods_tower, first_ration, fedhas_altar_fruit_tree

Notes
Turn   | Place    | Note
-------+----------+-------------------------------------------
     0 | D:1      | ventricule the Ogre Warper began the quest for the Orb.
     0 | D:1      | Reached XP level 1. HP: 22/22 MP: 3/3
   126 | D:1      | Identified a ring of protection from cold (You found it on level 1 of the Dungeon)
   200 | D:1      | Reached XP level 2. HP: 29/29 MP: 5/5
   534 | D:1      | Reached skill level 3 in Axes
   590 | D:1      | Learned a level 2 spell: Blink
   763 | D:2      | Reached XP level 3. HP: 29/36 MP: 6/6
  1121 | D:2      | Reached skill level 4 in Axes
  1122 | D:2      | Identified a potion of mutation
  1122 | D:2      | Gained mutation: You have sharp toenails. [potion of mutation]
  1122 | D:2      | Gained mutation: You are resistant to electric shocks. (rElec) [potion of mutation]
  1122 | D:2      | Gained mutation: Your spells are a little harder to cast, but a little more powerful. [potion of mutation]
  1122 | D:2      | HP: 9/36 [poisoned by an adder]
  1123 | D:2      | Identified a potion of cancellation
  1124 | D:2      | Identified a potion of invisibility
  1125 | D:2      | Identified a potion of resistance
  1127 | D:2      | HP: 4/36 [poisoned by an adder]
  1130 | D:2      | Identified 2 scrolls of random uselessness
  1131 | D:2      | Identified 4 scrolls of identify
  1132 | D:2      | HP: 2/36 [poisoned by an adder]
  1135 | D:2      | Succumbed to an adder's poison

Table legend:
 A = Turns spent in this place as a percentage of turns spent in the entire game.
 B = Non-inter-level travel turns spent in this place as a percentage of non-inter-level travel turns spent in the entire game.
 C = Inter-level travel turns spent in this place as a percentage of turns spent in this place.
 D = Turns resting spent in this place as a percentage of non-inter-level travel turns spent in this place.
 E = Turns spent auto-exploring this place as a percentage of non-inter-level travel turns spent in this place.
 F = Non-inter-level travel turns spent in this place divided by the number of levels of this place that you've seen.
                   A       B       C       D       E      F
               +-------+-------+-------+-------+-------+----------------------
         Total | 100.0 | 100.0 |   1.6 |  19.1 |  62.2 | 558.5
       Dungeon | 100.0 | 100.0 |   1.6 |  19.1 |  62.2 | 558.5
               +-------+-------+-------+-------+-------+----------------------

Table legend:
 A = Kills in this place as a percentage of kills in entire the game.
 B = Kills by you in this place as a percentage of kills by you in the entire game.
 C = Kills by friends in this place as a percentage of kills by friends in the entire game.
 D = Other kills in this place as a percentage of other kills in the entire game.
 E = Experience gained in this place as a percentage of experience gained in the entire game.
 F = Experience gained in this place divided by the number of levels of this place that you have seen.
                   A       B       C       D       E      F
               +-------+-------+-------+-------+-------+----------------------
         Total | 100.0 | 100.0 |   N/A |   N/A | 100.0 |  37.5
       Dungeon | 100.0 | 100.0 |   N/A |   N/A | 100.0 |  37.5
               +-------+-------+-------+-------+-------+----------------------

Skill      XL: |  1  2  3 |
---------------+----------+-----
Axes           | 3 4 |  4.0
Fighting       | |  2.6
Throwing       | |  1.0
Dodging        | |  2.1
Spellcasting   | |  2.4
Translocations | |  2.6

Action                   || total
-------------------------++-------
Melee: Hand axe          ||   108
  Use: Potion            ||     4
       Scroll            ||     2
  Eat: Chunk             ||     1
Armor: Robe              ||    35
Dodge: Dodged            ||    57

Vanquished Creatures
  2 adders (D:2)
  A worm (D:2)
  A leopard gecko (D:2)
  A giant cockroach (D:1)
  2 goblins (D:1)
  4 hobgoblins
  3 jackals (D:1)
  A quokka (D:2)
  7 bats
  2 frilled lizards
  2 kobolds
  4 rats
30 creatures vanquished.
